 Seeded DCSS version 0.30.1-9-gdf580d7c3d (webtiles) character file.

Game seed: 920673320228942481 (custom seed)

10760 Psyclone the Devastator (level 11, -1/54 HPs)
             Began as a Deep Elf Conjurer on Oct 10, 2023.
             Was an Initiate of Gozag.
             Slain by a troll (2 damage)
             ... on level 10 of the Dungeon.
             The game lasted 00:08:56 (4628 turns).

Psyclone the Devastator (Deep Elf Conjurer)         Turns: 4628, Time: 00:08:57

Health: -1/54      AC:  6    Str:  4    XL:     11   Next: 40%
Magic:  17/17      EV: 26    Int: 28    God:    Gozag
Gold:   2594       SH:  0    Dex: 13    Spells: 13/16 levels left

rFire   + + .        (no weapon)
rCold   x x .        (no shield)
rNeg    . . .        c - +3 salamander hide armour {Flames, rFlCloud rF++ rC--}
rPois   .            (no helmet)
rElec   .            (no cloak)
rCorr   .            (no gloves)
SInv    .            (no boots)
Will    +....        e - amulet of the acrobat
Stlth   ++           (no ring)
HPRegen 0.29/turn    (no ring)
MPRegen 0.15/turn

%: acrobat
@: marked, acrobatic
A: no striking features
a: Renounce Religion, Potion Petition, Call Merchant, Bribe Branch


You were on level 10 of the Dungeon.
You worshipped Gozag.
Gozag was most pleased with you.
You visited 2 branches of the dungeon, and saw 11 of its levels.

You collected 4974 gold pieces.
You spent 379 gold pieces at shops.
You paid 2001 gold pieces to Gozag.

Inventory:

Armour
 a - a +0 robe
 c - the +3 salamander hide armour (worn) {Flames, rFlCloud rF++ rC--}
   (You bought it in a shop on level 7 of the Dungeon)

   Flames:    It surrounds you with flame clouds and enhances your fire magic.
   rFlCloud:  It grants immunity to flame clouds.
   rF:        It greatly protects you from fire.
   rC:        It makes you very vulnerable to cold.
Jewellery
 e - an amulet of the acrobat (around neck)
Wands
 n - a wand of polymorph (17)
 r - a wand of digging (4)
 s - a wand of flame (3)
 v - a wand of roots (4)
Scrolls
 h - 4 scrolls of identify {unknown}
 i - 3 scrolls of enchant weapon {unknown}
 o - 2 scrolls of fear {unknown}
 t - a scroll of teleportation {unknown}
 u - a scroll of noise {unknown}
Potions
 b - 2 potions of magic
 d - a potion of lignification {unknown}
 f - 2 potions of ambrosia {unknown}
 g - 2 potions of might {unknown}
 j - a potion of resistance {unknown}
 k - 3 potions of attraction {unknown}
 l - a potion of berserk rage {unknown}
 m - a potion of haste {unknown}
 p - a potion of mutation {unknown}
 q - a potion of flight


   Skills:
 - Level 2.4 Dodging
 - Level 2.4 Stealth
 - Level 3.0 Spellcasting
 + Level 19.5 Conjurations


You had 13 spell levels left.
You knew the following spells:

 Your Spells              Type           Power      Damage    Failure   Level
a - Magic Dart            Conj           100%       1d8       0%          1
b - Searing Ray           Conj           100%       2d8       0%          2

Your spell library contained the following spells:

 Spells                   Type           Power      Damage    Failure   Level
 Dazzling Flash           Conj/Hex       100%       N/A       1%          3
 Stone Arrow              Conj/Erth      100%       3d13      1%          3
 Fulminant Prism          Conj/Hex       28%        3d14      2%          4
 Iskenderun's Mystic Bla  Conj/Tloc      56%        2d12      2%          4
 Sandblast                Erth           8%         2d5       14%         1
 Passwall                 Tmut/Erth      3%         N/A       22%         2
 Frozen Ramparts          Ice            8%         1d2       41%         3
 Ice Form                 Ice/Tmut       4%         N/A       82%         4
 Summon Ice Beast         Ice/Summ       4%         N/A       82%         4
 Summon Lightning Spire   Summ/Air       4%         N/A       82%         4
 Storm Form               Tmut/Air       2%         N/A       100%        7
 Maxwell's Capacitive Co  Air            2%         ∞         100%        8


Dungeon Overview and Level Annotations

Branches:
Dungeon (10/15) Zot: 26641    Lair (1/5) D:8 Zot: 5987
 Temple: D:4-7          Orc: D:9-12

Altars:
Ashenzari
Fedhas
Gozag
Wu Jian
Yredelemnul
Zin

Shops:
D:7 ::[

Annotations:
D:5 Menkaure
D:9 2 transporters, fitz's ghost, journeyman BaHu
D:10 Harold


Message History

You hit the wyvern but do no damage.
The wyvern is almost dead.
The wyvern is engulfed in blazing flames.
You kill the wyvern!
Harold the Weathered comes into view.
He is wielding a +0 battleaxe, wearing a +1 ring mail of fire resistance and carrying a wand of paralysis (6).
You see here 14 gold pieces.
Harold shouts!
Harold drinks a potion.
Harold's spells are empowered!
Harold casts a spell at you. A sentinel's mark forms upon you.
Harold fires a harpoon shot at you. The harpoon shot hits you!
You are yanked forward by the harpoon shot.
A troll comes into view.
You take 7 damage, and have 28/54 hp.
Harold is engulfed in blazing flames.
Harold completely misses you.
Harold is engulfed in blazing flames.
Harold misses you.
Harold is engulfed in blazing flames.
Harold misses you.
Harold is engulfed in blazing flames.
Harold misses you.
Harold is engulfed in blazing flames.
Harold gestures at you while chanting.
You barely resist.
Harold is engulfed in blazing flames.
Harold closely misses you.
The troll is engulfed in blazing flames.
The troll closely misses you. The troll claws you but does no damage.
The troll misses you.
Harold is engulfed in blazing flames.
Harold closely misses you.
The troll is engulfed in blazing flames.
The troll misses you. The troll completely misses you. The troll misses you.
The troll attacks as you move away! The troll closely misses you.
The troll misses you. The troll barely misses you.
Harold is engulfed in blazing flames.
Harold hits you with a +0 battleaxe!!
Ouch! That really hurt!
* * * LOW HITPOINT WARNING * * *
The troll is engulfed in blazing flames.
You take 29 damage, and have 1/54 hp.
MASSIVE DAMAGE!!
The troll attacks as you move away! The troll closely misses you.
The troll claws you.
You die...
Your body crumbles into a pile of gold.

##### ###...#
..####.....#
.....#..<..### #### .
.....#.......#####...#..
........................
.....>..................
$..............☼○☼......
........$......☼@○......
...............@T☼......
................○○......
........................
....$...................
........................
........................
........................
...###...######.....##..


You could see Harold (empowered) and a troll.

Vanquished Creatures
  A two-headed ogre (D:10)
  Erica (D:8)
  Pikel (D:8)
  Joseph (D:8)
  3 komodo dragons (Lair:1)
  A hornet (D:10)
  2 wraiths
  6 wyverns
  19 yaks
  A basilisk (D:8)
  A steam dragon (D:7)
  Grum (D:8)
  Duvessa (D:7)
  4 water moccasins (D:8)
  A sky beast (D:7)
  4 orc warriors
  A black bear (D:8)
  An ice beast (D:8)
  2 centaurs
  5 wolves (D:8)
  2 lemures (D:8)
  A phantom (D:6)
  A kobold brigand (D:7)
  2 gnoll sergeants
  2 scorpions
  4 bullfrogs
  Dowan (D:7)
  14 killer bees
  4 howler monkeys (D:9)
  A hound (D:4)
  3 orc priests
  8 orc wizards
  8 gnolls
  5 white imps
  A dart slug (D:1)
  28 orcs
  A ball python (D:4)
  An endoplasm (D:3)
  5 kobolds (D:7)
149 creatures vanquished.

Notes
Turn   | Place    | Note
-------+----------+-------------------------------------------
     0 | D:1      | Psyclone the Deep Elf Conjurer began the quest for the Orb.
     0 | D:1      | Reached XP level 1. HP: 10/10 MP: 6/6
   164 | D:4      | Noticed a hound
   169 | D:4      | Killed a hound
   170 | D:4      | Reached skill level 5 in Conjurations
   170 | D:4      | Reached XP level 2. HP: 15/15 MP: 2/8
   170 | D:4      | Reached XP level 3. HP: 19/19 MP: 2/9
   391 | D:5      | Entered Level 5 of the Dungeon
   417 | D:5      | Noticed a scorpion
   423 | D:5      | Killed a scorpion
   424 | D:5      | Reached skill level 6 in Conjurations
   424 | D:5      | Reached XP level 4. HP: 24/24 MP: 3/10
   479 | D:5      | Learned a level 2 spell: Searing Ray
   484 | D:5      | Noticed Menkaure
   505 | D:6      | Noticed a phantom
   512 | D:6      | Killed a phantom
   513 | D:6      | Reached skill level 7 in Conjurations
   513 | D:6      | Reached XP level 5. HP: 28/28 MP: 2/11
   515 | D:6      | Noticed a centaur
   660 | D:7      | Noticed a steam dragon
   668 | D:7      | Killed a steam dragon
   669 | D:7      | Reached skill level 8 in Conjurations
   669 | D:7      | Reached XP level 6. HP: 32/32 MP: 3/12
   682 | D:7      | Found an opulent altar of Gozag.
   740 | D:7      | Identified 3 scrolls of acquirement
   740 | D:7      | Acquired 1178 gold pieces
   748 | D:7      | Acquired 1340 gold pieces
   754 | D:7      | Acquired 1169 gold pieces
   756 | D:7      | Became a worshipper of Gozag Ym Sagoz the Greedy
   839 | D:7      | Bought the +3 salamander hide armour {Flames, rFlCloud rF++
                  | rC--} for 379 gold pieces
   839 | D:7      | Found the +3 salamander hide armour {Flames, rFlCloud rF++
                  | rC--}
   879 | D:7      | Reached skill level 9 in Conjurations
   882 | D:7      | Reached XP level 7. HP: 12/36 MP: 13/13
  1067 | D:7      | Found a blossoming altar of Fedhas.
  1324 | D:7      | Reached skill level 10 in Conjurations
  1452 | D:7      | Reached skill level 11 in Conjurations
  1540 | D:7      | Noticed Dowan
  1543 | D:7      | Noticed Duvessa
  1546 | D:7      | Killed Dowan
  1547 | D:7      | Reached XP level 8. HP: 41/41 MP: 14/14
  1556 | D:7      | Killed Duvessa
  1698 | D:7      | Reached skill level 12 in Conjurations
  1780 | D:7      | Found a glowing silver altar of Zin.
  1958 | D:7      | Found a broken altar of Ashenzari.
  2096 | D:8      | Found a staircase to the Lair.
  2104 | D:8      | Reached skill level 13 in Conjurations
  2106 | D:8      | Reached XP level 9. HP: 27/45 MP: 15/15
  2109 | D:8      | Reached skill level 14 in Conjurations
  2116 | Lair:1   | Entered Level 1 of the Lair of Beasts
  2116 | Lair:1   | Noticed a komodo dragon
  2116 | Lair:1   | Noticed a komodo dragon
  2116 | Lair:1   | Noticed a komodo dragon
  2116 | Lair:1   | Noticed a komodo dragon
  2120 | Lair:1   | HP: 1/45 [komodo dragon (11)]
  2121 | Lair:1   | Killed a komodo dragon
  2122 | Lair:1   | Killed a komodo dragon
  2122 | Lair:1   | Killed a komodo dragon
  2123 | Lair:1   | Reached skill level 15 in Conjurations
  2393 | D:8      | Noticed Erica
  2422 | D:8      | Killed Erica
  2423 | D:8      | Reached skill level 16 in Conjurations
  2423 | D:8      | Reached XP level 10. HP: 42/50 MP: 16/16
  2833 | D:8      | Noticed Joseph
  2846 | D:8      | Killed Joseph
  2847 | D:8      | Reached skill level 17 in Conjurations
  2925 | D:8      | Noticed Grum
  2968 | D:8      | Killed Grum
  3109 | D:8      | Noticed Pikel
  3115 | D:8      | Killed Pikel
  3116 | D:8      | Reached skill level 18 in Conjurations
  3347 | D:9      | Noticed a two-headed ogre
  3349 | D:9      | Noticed a two-headed ogre
  3351 | D:9      | Found a transporter.
  3352 | D:9      | Noticed fitz's ghost (journeyman BaHu)
  3353 | D:9      | Noticed a two-headed ogre
  3354 | D:9      | Noticed a two-headed ogre
  3357 | D:9      | Found a transporter.
  3357 | D:9      | Noticed a two-headed ogre
  3555 | D:9      | Reached XP level 11. HP: 51/54 MP: 17/17
  3825 | D:9      | Found an ornate altar of the Wu Jian Council.
  3831 | D:9      | Found a basalt altar of Yredelemnul.
  4269 | D:10     | Entered Level 10 of the Dungeon
  4273 | D:10     | Noticed a two-headed ogre
  4277 | D:10     | Reached skill level 19 in Conjurations
  4282 | D:10     | Killed a two-headed ogre
  4615 | D:10     | Noticed Harold
  4627 | D:10     | HP: 1/54 [Harold/+0 battleaxe (29)]
  4628 | D:10     | Slain by a troll

Illustrated notes

Levels and vault maps discovered:
D:1:      dpeg_arrival_orchard, layout_basic
D:2:      layout_loops_corners, uniq_natasha, uniq_crazy_yiuf_cottage
D:3:      layout_basic, serial_shops, nicolae_shop_stone, shop
D:4:      layout_basic, nicolae_figureground_sparkle, uniq_sigmund, uniq_robin,
          uniq_blork_the_orc
D:5:      layout_cave_pools, nicolae_ru_path_of_blood, minmay_quadrilaterals,
          uniq_menkaure, uniq_ijyb
D:6:      cheibrodos_barr_body, layout_rooms, lemuel_doored_altar,
          minmay_temple_entry_large_hall, hangedman_decor_growths,
          minmay_fractal_squares_gapless_5
D:7:      layout_basic, mainiacjoe_overflow_big_doors, lemuel_tele_altar,
          zin_scriptorium, nicolae_figureground_pulse, uniq_duvessa
D:8:      layout_loops_cross, minmay_lair_entry_grove, serial_demonic,
          serial_demonic_f, serial_demonic_e, serial_demonic_b,
          serial_demonic_d, serial_demonic_g, serial_demonic_f, uniq_pikel,
          uniq_joseph, uniq_grum, uniq_erica
D:9:      layout_irregular_city, mainiacjoe_overflow_catwalk_spiral,
          gammafunk_ghost_smash, serial_bayou_crossing
D:10:     layout_cross, minmay_rotating_lava, uniq_harold
Lair:1:   layout_cave_pods, beast_lair_carwin_2, serial_bayou_shore_b,
          lemuel_fruit_tree, uniq_fannar

Skill      XL: |  1  2  3  4  5  6  7  8  9 10 11 |
---------------+----------------------------------+-----
Conjurations   | 5 6 7 8 9 11 13 16 18 19 | 19.5
Dodging        | |  2.4
Stealth        | |  2.4
Spellcasting   | |  3.0

Action                     |  1- 3 |  4- 6 |  7- 9 | 10-12 || total
---------------------------+-------+-------+-------+-------++-------
  Melee: Unarmed           |       |       |    10 |    15 ||    25
   Cast: Magic Dart        |    22 |     3 |       |       ||    25
         Searing Ray       |       |     3 |       |       ||     3
 Invoke: Call Merchant     |       |     3 |       |       ||     3
    Use: Scroll            |       |     3 |       |       ||     3
 Armour: Leather armour    |       |       |     3 |    10 ||    13
  Dodge: Dodged            |     1 |    10 |    55 |   136 ||   202
